 Dungeon Crawl Stone Soup version 0.30-a0-219-gf2db51d15e (webtiles) character file.

Game seed: 7026037627180685560

32 KennySheep the Gusty (level 3, -4/24 HPs)
             Began as a Human Wanderer on Oct 8, 2022.
             Was a Follower of Dithmenos.
             Slain by Natasha (7 damage)
             ... on level 1 of the Dungeon.
             The game lasted 00:08:27 (1054 turns).

KennySheep the Gusty (Human Wanderer)               Turns: 1054, Time: 00:08:28

Health: -4/24      AC:  3    Str: 10    XL:     3   Next: 45%
Magic:  0/5        EV: 12    Int: 17    God:    Dithmenos [*.....]
Gold:   50         SH:  0    Dex: 11    Spells: 0/5 levels left

rFire   . . .      SeeInvis .    a - +0 dagger
rCold   . . .      Faith    .    (no shield)
rNeg    . . .      Spirit   .    c - +0 robe
rPois   .          Reflect  .    d - +0 helmet
rElec   .          Harm     .    (no cloak)
rCorr   .          Rampage  .    (no gloves)
Will    .....                    (no boots)
Stlth   +.........               (no amulet)
HPRegen 0.24/turn                (no ring)
MPRegen 0.09/turn                (no ring)

@: wreathed by umbra
A: no striking features
a: Renounce Religion


You were on level 1 of the Dungeon.
You worshipped Dithmenos.
Dithmenos was aware of your devotion.
You visited 1 branch of the dungeon, and saw 2 of its levels.

You collected 50 gold pieces.

Inventory:

Hand Weapons
 a - a +0 dagger (weapon)
Armour
 c - a +0 robe (worn)
 d - a +0 helmet (worn)
Scrolls
 e - a scroll of identify
Potions
 b - 3 potions of curing


   Skills:
 - Level 3.0 Dodging
 + Level 1.6 Spellcasting
 + Level 1.1 Translocations
 + Level 1.7 Fire Magic
 + Level 4.2 Air Magic
 - Level 1.0 Evocations


You couldn't memorise any spells.
You knew the following spells:

 Your Spells              Type           Power      Damage    Failure   Level
a - Foxfire               Conj/Fire      16%        2x1d4     14%         1
b - Shock                 Conj/Air       32%        1d5       9%          1
c - Kindle Blastsparks    Fire/Tloc/Air  18%        2d11      22%         3

Your spell library contained the following spells:

 Spells                   Type           Power      Damage    Failure   Level
 Swiftness                Air            15%        N/A       11%         3
 Poisonous Vapours        Pois/Air       16%        N/A       13%         2


Dungeon Overview and Level Annotations

Branches:
Dungeon (2/15)

Altars:
Dithmenos

Annotations:
D:1 Natasha


Message History

Confirm with . or Enter, or press ? or * to list all spells.
You conjure some foxfire!
Natasha claws you but does no damage.
You hit Natasha.
Natasha is moderately wounded.
The foxfire hits the shadow imp.
The shadow imp is lightly wounded.
The foxfire hits Natasha but does no damage.
Natasha is moderately wounded.
Natasha mumbles some strange words.
The shadow imp hits you.
* * * LOW HITPOINT WARNING * * *
Casting: Foxfire (safe; 14% risk of failure)
Confirm with . or Enter, or press ? or * to list all spells.
You miscast Foxfire.
You are very lightly contaminated with residual magic.
Nothing appears to happen.
Natasha barely misses you. The shadow imp hits you.
* * * LOW HITPOINT WARNING * * *
The shadow imp barely misses you. The shadow imp closely misses you.
The shadow imp attacks as you move away!
The shadow imp completely misses you.
Natasha mumbles some strange words.
The shadow imp attacks as you move away!
The shadow imp closely misses you.
As you read the scroll labelled ULYAPP YWNIRCHO, it crumbles to dust.
It is a scroll of identify.
You don't have any unidentified items.
Natasha claws you.
* * * LOW HITPOINT WARNING * * *
You feel better. Natasha claws you but does no damage.
Casting: Foxfire (safe; 14% risk of failure)
Confirm with . or Enter, or press ? or * to list all spells.
You conjure some foxfire!
Natasha casts a spell at you. The magic dart hits you!
* * * LOW HITPOINT WARNING * * *
Your magical contamination has completely faded away.
Your foxfire dissipates!
Natasha claws you!
You die...

#.# #..........#.##....### #.#
#.# #.####...#...#####.# #.# #.#
#.# ##.###.## #.### #.# #.# #.#
#.# #.######...# #.. #.###.# #.#
#...##P#.#.## #.# ...##.# #.#
###.##~P....## #.. >.....# ##.##
#..~~~~~PP.####.#
...#######.>.######~~~~P♣~~P##..#
######.....)5.5h@.P~~♣♣♣♣♣PP.....
.......###..5####.P~~♣ ♣~~P#.#..
.####### ##.(.....P~~♣♣♣♣~~P#.#..
.# #######.PP~♣~♣~~~~#.#.. .#
#...~P~P~P~##.... ##
#####)PPP~####### ##~PP## ####


You could see Natasha, a white imp (summoned) and 2 shadow imps.

Vanquished Creatures
  2 dart slugs (D:1)
  3 ball pythons (D:1)
  2 bats
  4 endoplasms (D:1)
  A giant cockroach (D:1)
  3 goblins (D:1)
  5 hobgoblins
  2 frilled lizards (D:1)
  2 rats (D:1)
24 creatures vanquished.

Vanquished Creatures (collateral kills)
  3 foxfires (D:1)
3 creatures vanquished.

Vanquished Creatures (others)
  32 foxfires (D:1)
32 creatures vanquished.

Grand Total: 59 creatures vanquished

Notes
Turn   | Place    | Note
-------+----------+-------------------------------------------
     0 | D:1      | KennySheep the Human Wanderer began the quest for the Orb.
     0 | D:1      | KennySheep set off with the following items: a +0 dagger, a
                  | potion of curing, a +0 robe, a +0 helmet; and the following
                  | spells available to memorise: Shock, Poisonous Vapours,
                  | Foxfire, Swiftness, Kindle Blastsparks.
     0 | D:1      | Reached XP level 1. HP: 13/13 MP: 2/2
     2 | D:1      | Learned a level 1 spell: Foxfire
     4 | D:1      | Learned a level 1 spell: Shock
   116 | D:1      | Reached XP level 2. HP: 19/19 MP: 1/3
   388 | D:1      | Found a faded altar of an unknown god.
   413 | D:1      | Prayed at the altar of an unknown god.
   413 | D:1      | Became a worshipper of Dithmenos the Shadowed
   413 | D:1      | Reached * piety under Dithmenos
   607 | D:1      | Reached XP level 3. HP: 18/24 MP: 2/5
   642 | D:1      | Reached skill level 1 in Translocations
  1009 | D:2      | Learned a level 3 spell: Kindle Blastsparks
  1021 | D:2      | Noticed Natasha
  1050 | D:1      | HP: 1/24 [Natasha (2)]
  1054 | D:1      | Slain by Natasha

Illustrated notes

Levels and vault maps discovered:
D:1:      dpeg_arrival_long_road, layout_loops_ring, serial_bayou,
          serial_bayou_lagoon_a, serial_bayou_ford_a, serial_bayou_shore_b,
          serial_bayou_shore_b, serial_bayou_shore_b, serial_bayou_pond_c,
          hellmonk_ecumenical_altar_blasted, minmay_misc_feat_square,
          minmay_tetromino_i2
D:2:      layout_rooms, uniq_natasha

Skill      XL: |  1  2  3 |
---------------+----------+-----
Translocations | 1 |  1.1
Dodging        | |  3.0
Spellcasting   | |  1.6
Fire Magic     | |  1.7
Air Magic      | |  4.2
Evocations     | |  1.0

Action                   || total
-------------------------++-------
Melee: Dagger            ||    60
 Cast: Foxfire           ||    25
       Kindle Blastspark ||     1
  Use: Scroll            ||     1
       Potion            ||     1
Armor: Robe              ||    19
Dodge: Dodged            ||    66

Table legend: (Time is in decaauts)
 A = Elapsed time spent in this place.
 B = Non-inter-level travel time spent in this place.
 C = Inter-level travel time spent in this place.
 D = Time resting spent in this place.
 E = Time spent auto-exploring this place.
 F = Levels seen in this place.
 G = Mean time per level.
                   A        B        C        D        E       F      G
               +--------+--------+--------+--------+--------+-----+--------+
         Total |   1069 |   1058 |     11 |     41 |    757 |   2 |  534.5 |
       Dungeon |   1069 |   1058 |     11 |     41 |    757 |   2 |  534.5 |
               +--------+--------+--------+--------+--------+-----+--------+

Top non-repeatable levels by time:
     D:1: 1032 daAuts
     D:2: 36 daAuts
